 Dungeon Crawl Stone Soup version 0.31-a0-221-gbddc013574 (webtiles) character file.

Game seed: 16380477033517715037

294 qw the Chopper (level 6, 0/38 HPs)
             Began as a Gargoyle Fighter on July 4, 2023.
             Slain by a gnoll
             ... wielding a +0 halberd
              (7 damage)
             ... on level 3 of the Dungeon.
             The game lasted 00:01:29 (2247 turns).

qw the Chopper (Gargoyle Fighter)                   Turns: 2247, Time: 00:01:30

Health: 0/38       AC: 12    Str: 22    XL:     6   Next: 34%
Magic:  6/6        EV:  9    Int:  8    God:
Gold:   133        SH:  9    Dex:  9    Spells: 5/5 levels left

rFire   . . .        Y - +0 war axe (elec)
rCold   . . .        c - +0 buckler
rNeg    + . .        b - +0 scale mail
rPois   inf          (no helmet)
rElec   +            (no cloak)
rCorr   .            (no gloves)
SInv    .            m - +0 pair of boots
Will    .....        o - amulet of reflection Stlth
                     (no ring)
HPRegen 0.26/turn    (no ring)
MPRegen 0.10/turn

%: reflection
@: no status effects
A: sickness immunity, AC +4, negative energy resistance 1, electricity
resistance, torment resistance 1, petrification resistance
a: no special abilities


You were on level 3 of the Dungeon.
You visited 1 branch of the dungeon, and saw 3 of its levels.

You collected 133 gold pieces.


Innate Abilities, Weirdness & Mutations

You are immune to sickness and miasma.
Your stone body is resilient. (AC +4)
You are immune to poison.
You resist negative energy. (rN+)
You are resistant to electric shocks. (rElec)
You are resistant to unholy torment.
You are immune to petrification.


   Skills:
 - Level 4.0 Fighting
 + Level 5.3 Axes
 - Level 3.2 Armour
 - Level 1.0 Dodging
 - Level 3.2 Shields


You had 5 spell levels left.
You didn't know any spells.
Your spell library was empty.

Inventory:

Hand Weapons
 r - a +2 mace of holy wrath
 Y - a +0 war axe of electrocution (weapon)
Armour
 b - a +0 scale mail (worn)
 c - a +0 buckler (worn)
 m - a +0 pair of boots (worn)
Jewellery
 o - an amulet of reflection (around neck)
Scrolls
 f - a scroll of teleportation
 h - a scroll of identify
 p - a scroll of butterflies {unknown}
Potions
 a - a potion of mutation {unknown}
 d - 2 potions of might
 e - a potion of attraction {unknown}
 g - a potion of ambrosia {unknown}
 i - a potion of lignification {unknown}
 k - 2 potions of curing
 l - a potion of magic {unknown}
 n - a potion of haste {unknown}
 q - a potion of heal wounds {unknown}

Dungeon Overview and Level Annotations

Branches:
Dungeon (3/15)

Altars:


Message History

The hound stops to sniff the ground.
The hound bites you but does no damage. You block the gnoll's attack.
You block the hound's attack.
You closely miss the hound.
The hound is lightly wounded.
You hit the bush. The hound bites you but does no damage.
You block the gnoll's attack. The hound bites you but does no damage.
The gnoll barely misses you.
You barely miss the hound.
The hound is lightly wounded.
You hit the bush but do no damage. Lightning courses through the bush!
You block the hound's attack. The gnoll barely misses you.
The hound bites you but does no damage.
You hit the hound.
The hound is moderately wounded.
You hit the bush but do no damage. Lightning courses through the bush!
The hound bites you. You block the gnoll's attack.
The hound bites you but does no damage.
You slash the hound!
You kill the hound!
You hit the bush but do no damage. The gnoll barely misses you.
You hit the bush but do no damage.
The bush is severely damaged.
The gnoll hits you from afar with a +0 halberd.
The gnoll hits you from afar with a +0 halberd!
You slash the bush!
The bush is severely damaged.
The gnoll closely misses you.
You hit the bush.
The bush is severely damaged.
You block the gnoll's attack.
You hit the bush but do no damage.
The bush is severely damaged.
The gnoll hits you from afar with a +0 halberd.
You hit the bush but do no damage.
The bush is severely damaged.
The gnoll hits you from afar with a +0 halberd.
The gnoll hits you from afar with a +0 halberd!
You die...

.#...........
####.........
.......## ..
#.. ### #..
... ###
####g###.#
#..P.P...#
#....%@..## #
####....%.##
# ######..###
# ##...###
########
###...##
.......#
###..# #
.......#
##.## #
.......####
#..######
..........#
##.....##


You could see a gnoll.

Vanquished Creatures
  A centaur (D:2)
  2 hounds (D:3)
  A gnoll (D:2)
  5 adders
  A worm (D:3)
  A dart slug (D:1)
  3 orcs (D:3)
  2 endoplasms (D:2)
  4 giant cockroaches (D:2)
  12 goblins
  8 hobgoblins
  14 jackals
  7 kobolds
  6 quokkas
  5 ball pythons
  5 bats
  3 frilled lizards
  10 rats
90 creatures vanquished.

Notes
Turn   | Place    | Note
-------+----------+-------------------------------------------
     0 | D:1      | qw the Gargoyle Fighter began the quest for the Orb.
     0 | D:1      | Reached XP level 1. HP: 14/14 MP: 1/1
     0 | D:1      | 0 ||| qw: Version: 0.3-a-40-ge99b1a8
     0 | D:1      | 0 ||| qw: Game counter: 631
     0 | D:1      | 0 ||| qw: Melee chars always use a shield: true
     0 | D:1      | 0 ||| qw: God list: Okawaru
     0 | D:1      | 0 ||| qw: Allow faded altars: false
     0 | D:1      | 0 ||| qw: Do Orc after clearing Dungeon:15 true
     0 | D:1      | 0 ||| qw: Do second Lair branch before Depths: true
     0 | D:1      | 0 ||| qw: Lair rune preference: random
     0 | D:1      | 0 ||| qw: Goals: Normal, Zot:1-4, Slime:5, God:TSO, Crypt,
                  | Tomb, Abyss, Pan, Hells, Win
     0 | D:1      | 0 ||| PLANNING D:1-11
    82 | D:1      | Reached skill level 2 in Axes
    85 | D:1      | Reached XP level 2. HP: 18/19 MP: 2/2
   220 | D:1      | Found a faded altar of an unknown god.
   249 | D:1      | 249 ||| Stepping ~*~*~tactically~*~*~ (hiding).
   252 | D:1      | 252 ||| Stepping ~*~*~tactically~*~*~ (hiding).
   402 | D:1      | 402 ||| SWAPPING to +0 war axe of electrocution.
   403 | D:1      | 403 ||| DROPPING +0 war axe.
   623 | D:1      | Reached skill level 3 in Axes
   694 | D:1      | 694 ||| Stepping ~*~*~tactically~*~*~ (hiding).
   792 | D:1      | 792 ||| UPGRADING to +0 pair of boots.
   797 | D:1      | 797 ||| READING scroll labelled FUECZU BIRUINWA.
   798 | D:1      | 798 ||| READING scroll labelled AVEARI ZIDOIZ.
   799 | D:1      | 799 ||| READING scroll labelled LERGHA BAR EWITH.
   802 | D:1      | 802 ||| READING scroll labelled TAHYIL TEEJAUST.
   803 | D:1      | 803 ||| READING 3 scrolls labelled CIYSUI FIONU.
   804 | D:1      | 804 ||| DROPPING 2 scrolls of noise.
   825 | D:2      | Reached XP level 3. HP: 23/23 MP: 3/3
   920 | D:2      | 920 ||| Stepping ~*~*~tactically~*~*~ (stealth).
  1038 | D:2      | Reached XP level 4. HP: 28/28 MP: 4/4
  1098 | D:2      | 1098 ||| Stepping ~*~*~tactically~*~*~ (stealth).
  1338 | D:2      | Reached skill level 4 in Axes
  1407 | D:2      | 1407 ||| DROPPING +0 club.
  1420 | D:2      | 1420 ||| Stepping ~*~*~tactically~*~*~ (stealth).
  1620 | D:2      | 1620 ||| Stepping ~*~*~tactically~*~*~ (hiding).
  1656 | D:2      | 1656 ||| UPGRADING to amulet of reflection.
  1661 | D:2      | 1661 ||| READING scroll labelled KITEOPN ICZOU.
  1662 | D:2      | 1662 ||| READING scroll labelled DEWKON SATHROGI.
  1663 | D:2      | 1663 ||| READING 2 scrolls labelled LUK AR VAA.
  1664 | D:2      | 1664 ||| READING scroll labelled JICIMIS QEH.
  1665 | D:2      | 1665 ||| DRINKING 2 lumpy blue potions.
  1666 | D:2      | 1666 ||| DROPPING scroll of amnesia.
  1726 | D:3      | Noticed a centaur
  1727 | D:3      | 1727 ||| Stepping ~*~*~tactically~*~*~ (hiding).
  1731 | D:3      | 1731 ||| STAIRDANCE
  1733 | D:2      | Killed a centaur
  1734 | D:2      | Reached skill level 5 in Axes
  1734 | D:2      | Reached XP level 5. HP: 29/32 MP: 5/5
  1899 | D:3      | 1899 ||| Stepping ~*~*~tactically~*~*~ (stealth).
  1900 | D:3      | 1900 ||| Stepping ~*~*~tactically~*~*~ (stealth).
  1902 | D:3      | 1902 ||| Stepping ~*~*~tactically~*~*~ (stealth).
  1908 | D:3      | 1908 ||| Stepping ~*~*~tactically~*~*~ (hiding).
  1957 | D:3      | 1957 ||| DROPPING +0 whip.
  2114 | D:3      | Reached XP level 6. HP: 38/38 MP: 6/6
  2115 | D:3      | 2115 ||| DROPPING +0 mace.
  2230 | D:3      | Reached skill level 1 in Dodging
  2247 | D:3      | HP: 7/38 [gnoll/+0 halberd (4)]
  2247 | D:3      | Slain by a gnoll

Levels and vault maps discovered:
D:1:      heliophobic_arrival_dark_side_of_the_moon, layout_loops_ring,
          hellmonk_ecumenical_altar_pennies_from_heaven
D:2:      minmay_thinvault, layout_basic, minmay_liquid_box, minmay_pentomino_x2
D:3:      kennysheep_the_goblin_king, layout_basic, cheibrodos_gnoll_hut

Skill      XL: |  1  2  3  4  5  6 |
---------------+-------------------+-----
Axes           | 2 3 5 |  5.3
Fighting       | 4 |  4.0
Dodging        | 1 |  1.0
Armour         | |  3.2
Shields        | |  3.2

Action                     |  1- 3 |  4- 6 || total
---------------------------+-------+-------++-------
  Melee: War axe           |    90 |   143 ||   233
    Use: Scroll            |     5 |     4 ||     9
         Potion            |       |     1 ||     1
 Armour: Scale mail        |    46 |    75 ||   121
  Dodge: Dodged            |    53 |    60 ||   113
  Block: Buckler           |    22 |    53 ||    75

Table legend:
 A = Non-vault XP
 B = Vault XP
 C = Vault XP percentage of total XP
 D = Non-vault monster count
 E = Vault monster count
 F = Vault count percentage of total count
                 A         B        C        D         E       F
            +---------+---------+-------+---------+---------+-------
      Total |     267 |     154 |  36.6 |      62 |      28 |  31.1
            +---------+---------+-------+---------+---------+-------
        D:1 |      33 |       0 |   0.0 |      18 |       0 |   0.0
        D:2 |     177 |      57 |  24.4 |      27 |      19 |  41.3
        D:3 |      57 |      97 |  63.0 |      17 |       9 |  34.6
            +---------+---------+-------+---------+---------+-------
